 Dungeon Crawl Stone Soup version 0.31-a0-43-g46d131a48f (webtiles) character file.

Game seed: 13582395188000872224

14357 pk666 the Thaumaturge (level 11, -3/54 HPs)
             Began as a Deep Elf Fire Elementalist on May 18, 2023.
             Was a Priest of Vehumet.
             Slain by a four-headed hydra (10 damage)
             ... on level 2 of the Lair of Beasts.
             The game lasted 00:28:38 (14318 turns).

pk666 the Thaumaturge (Deep Elf Fire Elementalist) Turns: 14318, Time: 00:28:38

Health: -3/54      AC:  4    Str:  5    XL:     11   Next: 87%
Magic:  23/29      EV: 21    Int: 25    God:    Vehumet [***...]
Gold:   188        SH:  5    Dex: 21    Spells: 20/35 levels left

rFire   . . .        O - staff of conjuration
rCold   + . .        (no shield)
rNeg    . . .        a - +0 robe
rPois   .            (no helmet)
rElec   .            n - +0 cloak
rCorr   .            (no gloves)
SInv    .            G - +0 pair of boots
Will    +....        z - amulet of reflection
Stlth   ++           r - +6 ring of dexterity
HPRegen 0.29/turn    y - ring of protection from cold
MPRegen 0.21/turn

%: reflection
@: no status effects
A: no striking features
a: Renounce Religion


You were on level 2 of the Lair of Beasts.
You worshipped Vehumet.
Vehumet was most pleased with you.
You visited 4 branches of the dungeon, and saw 14 of its levels.

You collected 605 gold pieces.
You spent 417 gold pieces at shops.

Inventory:

Hand Weapons
 u - a +4 dagger of venom
Missiles
 j - 3 throwing nets
Armour
 a - a +0 robe (worn)
 n - a +0 cloak (worn)
 G - a +0 pair of boots (worn)
Magical Staves
 O - a staff of conjuration (weapon)
Jewellery
 r - a +6 ring of dexterity (left hand)
 x - an amulet of magic regeneration
 y - a ring of protection from cold (right hand)
 z - an amulet of reflection (around neck)
 E - a ring of resist corrosion
 I - a ring of protection from cold
 J - an amulet of regeneration
 M - a ring of protection from cold
 N - the ring of Contentment {Drain rC+ rCorr Dex+3}
   (You found it on level 1 of the Lair of Beasts)

   [ring of protection from cold]

   Dex:       It affects your dexterity (+3).
   rC:        It protects you from cold.
   rCorr:     It protects you from acid and corrosion.
   Drain:     It drains your maximum health when unequipped.
Wands
 t - a wand of iceblast (6)
 B - a wand of flame (46)
Scrolls
 c - 3 scrolls of immolation {unknown}
 f - a scroll of vulnerability {unknown}
 h - 5 scrolls of teleportation
 i - 2 scrolls of poison {unknown}
 k - 4 scrolls of amnesia {unknown}
 l - 3 scrolls of noise {unknown}
 o - a scroll of silence {unknown}
 s - 2 scrolls of enchant weapon {unknown}
 A - 2 scrolls of blinking {unknown}
 C - 2 scrolls of identify
 H - 2 scrolls of enchant armour {unknown}
 K - 2 scrolls of fog {unknown}
 L - 2 scrolls of fear {unknown}
Potions
 b - 2 potions of magic
 d - a potion of haste {unknown}
 e - 3 potions of mutation
 g - 2 potions of might {unknown}
 m - 2 potions of brilliance {unknown}
 p - a potion of invisibility
 q - 5 potions of curing {unknown}
 v - 2 potions of flight {unknown}
 w - 6 potions of heal wounds {unknown}
 D - a potion of lignification {unknown}
 F - 2 potions of berserk rage {unknown}


   Skills:
 + Level 11.8 Dodging
 - Level 2.4 Stealth
 + Level 12.9 Spellcasting
 + Level 10.7 Conjurations
 + Level 11.2 Fire Magic


You had 20 spell levels left.
You knew the following spells:

 Your Spells              Type           Power      Damage    Failure   Level
a - Foxfire               Conj/Fire      100%       2x1d9     1%          1
b - Scorch                Fire           100%       2d9       1%          2
c - Flame Wave            Conj/Fire      82%        2d18      1%          4
d - Fireball              Conj/Fire      41%        3d17      1%          5
e - Mephitic Cloud        Conj/Pois/Air  50%        N/A       1%          3

Your spell library contained the following spells:

 Spells                   Type           Power      Damage    Failure   Level
 Airstrike                Air            8%         2d(2-18)  11%         4
 Kiss of Death            Conj/Necr      100%       2d13      1%          1
 Magic Dart               Conj           100%       1d8       1%          1
 Momentum Strike          Conj/Tloc      100%       3d10      1%          2
 Inner Flame              Hex/Fire       44%        N/A       1%          3
 Volatile Blastmotes      Fire/Tloc      88%        2d17      1%          3
 Necrotise                Necr           64%        1d7       3%          1
 Slow                     Hex            64%        N/A       3%          1
 Blink                    Tloc           32%        N/A       5%          2
 Lesser Beckoning         Tloc           32%        N/A       5%          2
 Confusing Touch          Hex            16%        N/A       11%         3
 Vampiric Draining        Necr           16%        2d7       11%         3
 Plasma Beam              Fire/Air       22%        2x1d37    16%         6
 Dispel Undead            Necr           16%        3d10      36%         4
 Agony                    Necr           16%        N/A       71%         5


Dungeon Overview and Level Annotations

Branches:
Dungeon (10/15)            Temple (1/1) D:7            Lair (2/5) D:9
 Spider (0/4) Lair:2          Orc (1/2) D:9
  Swamp: Lair:2-3    Shoals: Lair:2-3

Altars:
Ashenzari
Cheibriados
Dithmenos
Elyvilon
Fedhas
Gozag
Hepliaklqana
Kikubaaqudgha
Makhleb
Nemelex Xobeh
Okawaru
Qazlal
Ru
Sif Muna
Uskayaw
Vehumet
Yredelemnul
Zin
The Shining One
Lugonu

Shops:
D:2 *[(?[   D:4 (   D:6 *   D:8 :[

Annotations:
D:4 2 runed translucent doors
D:8 exclusion: 3 doors
D:9 3 runed translucent doors, Flippered's ghost, journeyman DEEE
Lair:1 exclusion: oklob plant
Lair:2 exclusion: 2 death yaks


Message History

Aiming: Fireball (dangerous; 1% risk of failure)
Press: ? - help, Shift-Dir - straight line, f/p - swamp worm
Aim: a swamp worm (severely wounded)
You feel a surge of power!
The fireball explodes!
The fireball engulfs the swamp worm!!
You kill the swamp worm!
Vehumet accepts your kill.
There is a stone staircase leading up, spattered with blood here.
A four-headed hydra comes into view.
The four-headed hydra bites you! x2
The four-headed hydra closely misses you. x2
Casting: Fireball (dangerous; 1% risk of failure)
Confirm with . or Enter, or press ? or * to list all spells.
Casting: Flame Wave (safe; 1% risk of failure)
Press: ? - help, Dir - look around, f - activate You feel a surge of power!
A wave of flame ripples out!
The flame wave engulfs the four-headed hydra!
The four-headed hydra is moderately wounded. (Press . to intensify the flame waves.)
The four-headed hydra bites you but does no damage.
The four-headed hydra misses you.
The four-headed hydra closely misses you.
You block the four-headed hydra's attack.
A wave of flame ripples out!
The flame wave engulfs the four-headed hydra!!
The four-headed hydra is heavily wounded.
The four-headed hydra bites you!
The four-headed hydra closely misses you.
The four-headed hydra barely misses you.
The four-headed hydra bites you!
* * * LOW HITPOINT WARNING * * *
A wave of flame ripples out!
The flame wave engulfs the four-headed hydra!!
The four-headed hydra is severely wounded.
You finish channelling waves of flame.
You hear an angry hiss.
You block the four-headed hydra's attack.
The four-headed hydra barely misses you.
The four-headed hydra bites you!
You die...

..### ♣♣♣♣♣♣♣♣♣ >........
....#### ♣...♣.♣.# .........
.......♣♣#.......## .........
###...............# ......... #
#.##...........## ........#.
#####.#.........#####..........
####....<.........#.....###
#.##.#.†..............##
#######@#...............
######.D.................
#...............#####.P##
}...........#.#.P# ### #
..#.........### ## #
#..........### ##
#.............## #.
##....<...#....### ##.
#...............######..


You could see a four-headed hydra.

Vanquished Creatures
  2 hydras (Lair:2)
  A two-headed ogre (D:9)
  A pharaoh ant (Lair:2)
  A skyshark (Lair:1)
  Pikel (D:7)
  An oklob plant (Lair:1)
  2 black mambas
  A torpor snail (Lair:2)
  2 cane toads
  Maurice (D:8)
  4 komodo dragons
  A tarantella (Lair:2)
  2 tyrant leeches (Lair:2)
  Grinder (D:3)
  2 jumping spiders (Lair:2)
  2 wyverns (D:9)
  5 yaks
  A steam dragon (D:6)
  A redback (Lair:2)
  A swamp worm (Lair:2)
  A warg (Orc:1)
  4 water moccasins
  5 orc warriors
  2 sky beasts
  3 black bears
  2 ice beasts
  4 centaurs
  6 wolves
  3 lemures
  6 bullfrogs
  A gnoll sergeant (D:9)
  4 scorpions
  8 wights (D:6)
  11 killer bees
  2 howler monkeys (D:8)
  3 jellies
  6 hounds
  An iguana (D:5)
  8 orc priests
  Terence (D:3)
  12 orc wizards
  9 adders
  16 gnolls
  A white imp (D:4)
  2 ufetubi
  2 worms
  3 dart slugs
  48 orcs
  5 bats
  8 endoplasms
  A giant cockroach (D:2)
  5 goblins
  5 hobgoblins
  4 quokkas
  6 ball pythons
  3 frilled lizards
  7 kobolds
  3 rats
254 creatures vanquished.

Vanquished Creatures (others)
  497 foxfires
497 creatures vanquished.

Grand Total: 751 creatures vanquished

Notes
Turn   | Place    | Note
-------+----------+-------------------------------------------
     0 | D:1      | pk666 the Deep Elf Fire Elementalist began the quest for
                  | the Orb.
     0 | D:1      | Reached XP level 1. HP: 10/10 MP: 6/6
   362 | D:1      | Reached XP level 2. HP: 13/15 MP: 0/8
   481 | D:1      | Learned a level 2 spell: Scorch
  1624 | D:2      | Found Hebous's Antique Armour Emporium.
  1634 | D:2      | Reached XP level 3. HP: 19/19 MP: 5/10
  1673 | D:2      | Found Kemoiggi's Magic Scroll Emporium.
  1673 | D:2      | Found Zoke's Antique Weapon Shop.
  1735 | D:2      | Bought a scroll of teleportation for 39 gold pieces
  1735 | D:2      | Bought a scroll of identify for 26 gold pieces
  1793 | D:1      | Reached XP level 4. HP: 24/24 MP: 5/11
  1845 | D:1      | Learned a level 4 spell: Flame Wave
  1911 | D:2      | Reached skill level 4 in Spellcasting
  1995 | D:2      | Found Idaoj's Armour Shoppe.
  2007 | D:2      | Found Reupolex's Assorted Antiques.
  2370 | D:3      | Noticed Terence
  2376 | D:3      | Killed Terence
  2480 | D:3      | Reached XP level 5. HP: 21/28 MP: 3/13
  2795 | D:3      | Noticed Grinder
  2811 | D:3      | Killed Grinder
  2812 | D:3      | Reached skill level 5 in Spellcasting
  2812 | D:3      | Reached XP level 6. HP: 32/32 MP: 5/15
  2986 | D:3      | Found a hide-covered altar of Uskayaw.
  3427 | D:4      | Reached skill level 5 in Fire Magic
  3519 | D:4      | Found an ancient bone altar of Kikubaaqudgha.
  3519 | D:4      | Found a shimmering blue altar of Sif Muna.
  3521 | D:4      | Found a radiant altar of Vehumet.
  3525 | D:4      | Got Vehumet's Volume of Force
  3527 | D:4      | Became a worshipper of Vehumet
  3721 | D:4      | Found a stormy altar of Qazlal.
  4010 | D:4      | Found a large runed translucent door.
  4010 | D:4      | Found a large runed translucent door.
  4275 | D:4      | Found Ytuiwkya's Antique Weapon Shop.
  4496 | D:5      | Entered Level 5 of the Dungeon
  4623 | D:5      | Reached skill level 5 in Dodging
  4623 | D:5      | Reached XP level 7. HP: 36/36 MP: 13/17
  4829 | D:5      | Reached skill level 6 in Spellcasting
  4951 | D:5      | Reached skill level 5 in Conjurations
  5101 | D:5      | Reached XP level 8. HP: 36/41 MP: 10/20
  5164 | D:5      | Reached * piety under Vehumet
  5164 | D:5      | Offered knowledge of Shock by Vehumet.
  5284 | D:5      | Reached skill level 7 in Spellcasting
  6258 | D:6      | Reached skill level 8 in Spellcasting
  6485 | D:6      | Reached XP level 9. HP: 42/45 MP: 13/23
  6591 | D:6      | Offered knowledge of Searing Ray by Vehumet.
  6841 | D:6      | Reached ** piety under Vehumet
  7051 | D:6      | Found Cash's Fire Supplies.
  7421 | D:7      | Reached skill level 9 in Spellcasting
  7478 | D:7      | Found a sacrificial altar of Ru.
  7810 | D:7      | Found a shadowy altar of Dithmenos.
  7853 | D:7      | Found a staircase to the Ecumenical Temple.
  8083 | Temple   | Entered the Ecumenical Temple
  8675 | D:8      | Noticed Maurice
  8679 | D:8      | Killed Maurice
  8737 | D:6      | Bought the Handbook of Ignition for 352 gold pieces
  8743 | D:6      | Learned a level 5 spell: Fireball
  8803 | D:8      | Noticed Pikel
  8927 | D:7      | Killed Pikel
  8928 | D:7      | Reached skill level 10 in Spellcasting
  8928 | D:7      | Reached XP level 10. HP: 46/50 MP: 16/26
  9105 | D:8      | Found Indra's Dragon-Slaying Spoils.
  9167 | D:8      | Found Feptuzeg's Tremendous Tomes.
  9301 | D:8      | Offered knowledge of Mephitic Cloud by Vehumet.
  9322 | D:8      | Learned a level 3 spell: Mephitic Cloud
  9414 | D:8      | Noticed a cacodemon
  9415 | D:8      | Found a burning altar of Makhleb.
  9418 | D:8      | Found a glowing silver altar of Zin.
  9419 | D:8      | Noticed an angel
  9498 | D:8      | Noticed a green ugly thing
  9502 | D:8      | Noticed a two-headed ogre
  9507 | D:8      | Noticed a deep elf pyromancer
  9535 | D:8      | Found a glowing golden altar of the Shining One.
 10152 | D:9      | Found a staircase to the Orcish Mines.
 10160 | D:9      | Reached *** piety under Vehumet
 10352 | D:9      | Found a runed translucent gate.
 10352 | D:9      | Found a runed translucent gate.
 10352 | D:9      | Found a runed translucent gate.
 10360 | D:9      | Noticed Flippered's ghost (journeyman DEEE)
 10443 | D:9      | Found a staircase to the Lair.
 10877 | D:10     | Entered Level 10 of the Dungeon
 10877 | D:10     | Found an opulent altar of Gozag.
 10879 | D:10     | Noticed a gargoyle
 11027 | D:9      | Noticed a two-headed ogre
 11030 | D:9      | Killed a two-headed ogre
 11031 | D:9      | Reached skill level 10 in Dodging
 11031 | D:9      | Reached skill level 11 in Spellcasting
 11138 | Lair:1   | Entered Level 1 of the Lair of Beasts
 11141 | Lair:1   | Noticed a black mamba
 11319 | Lair:1   | Killed a black mamba
 11541 | Lair:1   | Reached skill level 10 in Fire Magic
 11541 | Lair:1   | Reached XP level 11. HP: 54/54 MP: 22/28
 11737 | Lair:1   | Identified the ring of Contentment {Drain rC+ rCorr Dex+3}
 11749 | Lair:1   | Noticed a skyshark
 11754 | Lair:1   | Killed a skyshark
 11791 | Lair:1   | Offered knowledge of Airstrike by Vehumet.
 12057 | Lair:1   | Identified the +0 cloak of the Morning {Slay+3}
 12305 | Lair:1   | Found a blossoming altar of Fedhas.
 12307 | Lair:1   | Noticed an oklob plant
 12591 | Lair:1   | Noticed an oklob plant
 12594 | Lair:1   | Killed an oklob plant
 12888 | Lair:1   | Reached skill level 12 in Spellcasting
 13082 | Lair:2   | Reached skill level 10 in Conjurations
 13169 | Lair:2   | Noticed a pharaoh ant
 13231 | Orc:1    | Entered Level 1 of the Orcish Mines
 13232 | Orc:1    | Noticed an orc knight
 13236 | Orc:1    | Noticed an ettin
 13317 | Lair:2   | Found a hole to the Spider Nest.
 13326 | Lair:2   | Killed a pharaoh ant
 13453 | Lair:2   | Noticed a five-headed hydra
 13457 | Lair:2   | Killed a five-headed hydra
 13748 | Lair:2   | Noticed a death yak
 13748 | Lair:2   | Noticed a death yak
 14073 | Lair:2   | Noticed an eight-headed hydra
 14078 | Lair:2   | Killed an eight-headed hydra
 14315 | Lair:2   | Noticed a four-headed hydra
 14318 | Lair:2   | Slain by a four-headed hydra

Illustrated notes

Levels and vault maps discovered:
D:1:      dpeg_arrival_water_fire, layout_basic, serial_co_window_serial,
          co_window_corner_a, co_window_of_opportunity_a, co_window_cross_1,
          co_window_corner_a, co_window_paths_a, co_window_2corner,
          co_window_paths_c, co_window_paths_c, co_window_2corner,
          co_window_paths_e, glass_columns_a, glass_columns_b, glass_columns_a,
          glass_columns_c, glass_columns_a
D:2:      layout_rooms, serial_shops, nicolae_shop_tiny_glass,
          nicolae_shop_tiny_glass, nicolae_shop_tiny_glass, shop, shop_statue,
          kennysheep_generic_room_12
D:3:      layout_basic, nicolae_uskayaw_murder_on_the_dancefloor,
          minmay_statues_item, minmay_between, uniq_terence, uniq_grinder
D:4:      layout_gridville, grunt_temple_overflow_magic_moments,
          nicolae_overflow_crystal_walls, jmf_multi_god_temple2, serial_shops,
          nicolae_shop_hallway_stairs
D:5:      layout_loops_corners, minmay_misc_feat_tiny, kennysheep_potato
D:6:      layout_basic, grunt_ministairs_8, nicolae_shop_fire_sale
          [nicolae_sub_dead_trees]
D:7:      layout_loops_corners, mainiacjoe_overflow_tiny_flanked,
          nicolae_ru_path_of_blood, minmay_temple_entry_grid
D:8:      layout_gridville, grunt_temple_overflow_order_and_chaos_2,
          mainiacjoe_overflow_alcove_4, nicolae_shop_dragon_depot,
          nicolae_shop_i_like_big_books, minmay_three_doors, uniq_pikel,
          uniq_maurice
D:9:      layout_basic, lair_entry_dummy, orc_david_3, ebering_ghost_rock_garden
D:10:     layout_small_grid, lemuel_tele_altar, nicolae_gozag_seed_capital,
          uniq_grum, uniq_urug
Temple:   corrupted_temple
Lair:1:   layout_loops_ring, hangedman_tree_tricks, serial_bayou_shore_a
Lair:2:   layout_cave_pods, palyth_hydra_swamp_entry,
          nicolae_spider_entry_lesser_pyramids
Orc:1:    nicolae_orc_accident_1, layout_diamond_mine

Skill      XL: |  1  2  3  4  5  6  7  8  9 10 11 |
---------------+----------------------------------+-----
Dodging        | 3 4 5 6 7 9 10 11 | 11.8
Conjurations   | 2 3 4 5 6 8 9 10 | 10.7
Spellcasting   | 4 5 6 8 10 11 12 | 12.9
Fire Magic     | 4 5 6 7 8 10 11 | 11.2
Stealth        | |  2.4

Action                     |  1- 3 |  4- 6 |  7- 9 | 10-12 || total
---------------------------+-------+-------+-------+-------++-------
  Melee: Dagger            |       |       |       |     2 ||     2
   Cast: Foxfire           |    72 |   106 |    72 |    53 ||   303
         Scorch            |     1 |    26 |    96 |    65 ||   188
         Flame Wave        |       |     1 |    12 |    22 ||    35
         Fireball          |       |       |       |    53 ||    53
    Use: Scroll            |       |     1 |       |       ||     1
         Potion            |       |       |       |     2 ||     2
 Armour: Robe              |       |     4 |     8 |     8 ||    20
  Dodge: Dodged            |    10 |    13 |    54 |    73 ||   150
  Block: Other             |       |       |     2 |    20 ||    22
         Reflection        |       |       |       |     1 ||     1

Table legend: (Time is in decaauts)
 A = Elapsed time spent in this place.
 B = Non-inter-level travel time spent in this place.
 C = Inter-level travel time spent in this place.
 D = Time resting spent in this place.
 E = Time spent auto-exploring this place.
 F = Levels seen in this place.
 G = Mean time per level.
                   A        B        C        D        E       F      G
               +--------+--------+--------+--------+--------+-----+--------+
         Total |  14354 |  13598 |    756 |   3662 |   8250 |  14 | 1025.3 |
       Dungeon |  11359 |  10662 |    697 |   2387 |   6921 |  10 | 1135.9 |
        Temple |     43 |     30 |     13 |      0 |     24 |   1 |   43.0 |
          Lair |   2944 |   2899 |     45 |   1275 |   1304 |   2 | 1472.0 |
  Orcish Mines |      6 |      6 |      0 |      0 |      0 |   1 |    6.0 |
               +--------+--------+--------+--------+--------+-----+--------+

Top non-repeatable levels by time:
  Lair:1: 1792 daAuts
     D:5: 1646 daAuts
     D:1: 1612 daAuts
     D:7: 1347 daAuts
     D:9: 1312 daAuts
     D:8: 1197 daAuts
     D:4: 1165 daAuts
  Lair:2: 1152 daAuts
     D:6: 1150 daAuts
     D:3: 1062 daAuts
     D:2: 754 daAuts
    D:10: 108 daAuts
  Temple: 43 daAuts
   Orc:1: 6 daAuts
